 Dungeon Crawl Stone Soup version 0.32-a0-39-g5c88369fb2 (webtiles) character file.

Game seed: 621002707881781362

8277 Ge0ff the Thaumaturge (level 11, -7/78 HPs)
             Began as a Mummy Cinder Acolyte on Jan 31, 2024.
             Was a High Priest of Ignis.
             Splashed by a brown ugly thing's acid (12 damage)
             ... on level 10 of the Dungeon.
             The game lasted 00:21:21 (11621 turns).

Ge0ff the Thaumaturge (Mummy Cinder Acolyte)       Turns: 11621, Time: 00:21:21

Health: -7/78      AC:  1    Str: 16    XL:     11   Next: 7%
Magic:  21/34      EV: 11    Int: 23    God:    Ignis [*****.]
Gold:   592        SH:  4    Dex:  7    Spells: 29/31 levels left

rFire   + . .        a - +9 spear of Ochi Cis {spect, MP+9 Str+3}
rCold   + . .        Q - +0 buckler
rNeg    + + +        R - +1 troll leather armour "Kikizap" {rPois rF+ Regen+ Str-5 Int+5}
rPois   ∞            E - +0 helmet
rElec   .            B - scarf {harm}
rCorr   .            (no gloves)
SInv    .            (no boots)
Will    +....        (no amulet)
Stlth   ++           (no ring)
HPRegen 1.13/turn    (no ring)
MPRegen 0.24/turn

%: harm (+30% outgoing, +20% incoming), faith
@: corroded
A: cold resistance 1, negative energy resistance 3, torment resistance 2, heat
vulnerability 1, in touch with death 1, no potions, faith
a: Renounce Religion, Fiery Armour, Foxfire Swarm, Rising Flame


You were on level 10 of the Dungeon.
You worshipped Ignis.
Ignis was extremely pleased with you.
You visited 2 branches of the dungeon, and saw 11 of its levels.
You also visited: Bailey.

You collected 592 gold pieces.

Inventory:

Hand Weapons
 a - the +9 spear of Ochi Cis (weapon) {spect, MP+9 Str+3}
   (You took it off an orc on level 8 of the Dungeon)

   Str+3:     It affects your strength (+3).
   MP+9:      It affects your magic capacity (+9).
 b - a +2 dagger of venom
 x - a +0 trident
 y - a +1 dagger of electrocution
 A - the +0 mace of Utah {freeze, *Rage rC++ Int+2}
   (You found it on level 2 of the Dungeon)

   Int+2:     It affects your intelligence (+2).
   rC++:      It greatly protects you from cold.
   *Rage:     It berserks you when you make melee attacks (+20% chance).
 L - a +0 vampiric halberd
 M - a -1 spear of flaming
Missiles
 c - 69 stones
 f - 49 poisoned darts
 Y - 4 boomerangs
Armour
 B - a scarf of harm (worn)
 E - a +0 helmet (worn)
 N - the +6 ring mail "Odineurei" {SInv}
   (You took it off an orc warrior on level 8 of the Dungeon)

   SInv:      It lets you see invisible.
 Q - a +0 buckler (worn)
 R - the +1 troll leather armour "Kikizap" (worn) {rPois rF+ Regen+ Str-5 Int+5}
   (You found it on level 6 of the Dungeon)

   Str-5:     It affects your strength (-5).
   Int+5:     It affects your intelligence (+5).
   rF+:       It protects you from fire.
   rPois:     It protects you from poison Regen+: It increases your rate of
   health regeneration.
 S - +0 steam dragon scales
Magical Staves
 O - a staff of earth
 Z - a staff of cold
Wands
 p - a wand of paralysis (8)
 P - a wand of polymorph (2)
Scrolls
 d - 3 scrolls of amnesia
 m - a scroll of revelation
 C - a scroll of poison
 D - a scroll of enchant weapon
 F - a scroll of fog
 T - 3 scrolls of teleportation
 W - 3 scrolls of immolation {unknown}
 X - a scroll of fear {unknown}
Miscellaneous
 l - a lightning rod (4/4)
 U - a phantom mirror


   Skills:
 + Level 4.5 Fighting
 + Level 3.6 Polearms
 - Level 2.0 Throwing
 + Level 2.8 Armour
 - Level 2.0 Dodging
 - Level 3.0 Stealth
 + Level 4.0 Shields
 + Level 10.6 Spellcasting
 - Level 9.0 Fire Magic
 + Level 4.0 Evocations


You had 29 spell levels left.
You knew the following spells:

 Your Spells              Type           Power      Damage    Failure   Level
C - Scorch                Fire           100%       2d9       1%          2

Your spell library contained the following spells:

 Spells                   Type           Power      Damage    Failure   Level
 Call Canine Familiar     Summ           12%        N/A       24%         3
 Anguish                  Hex/Necr       9%         N/A       63%         4
 Iskenderun's Battlesphe  Conj           12%        2d7       92%         5
 Summon Forest            Summ/Tloc      6%         N/A       92%         5
 Summon Mana Viper        Hex/Summ       12%        N/A       92%         5
 Bombard                  Conj/Erth      6%         9d2       100%        6
 Summon Cactus Giant      Summ           6%         N/A       100%        6
 Spellforged Servitor     Conj/Summ      6%         N/A       100%        7


Dungeon Overview and Level Annotations

Branches:
Dungeon (10/15) Zot: 26525  Temple (1/1) D:7 Zot: 5998    Lair (0/5) D:10
 Bailey (visited)
    Orc: D:9-12

Altars:
Ashenzari
Cheibriados
Dithmenos
Fedhas
Gozag
Hepliaklqana
Kikubaaqudgha
Makhleb
Nemelex Xobeh
Okawaru
Qazlal
Ru
Sif Muna
Trog
Uskayaw
Vehumet
Wu Jian
Xom
Yredelemnul

Annotations:
D:5 2 transporters
D:6 2 transporters


Innate Abilities, Weirdness & Mutations

You are immune to poison.
Your flesh is cold resistant. (rC+)
You are immune to negative energy. (rN+++)
You are immune to unholy pain and torment.
You are vulnerable to heat. (rF-)
You are in touch with the powers of death.
You do not drink.
You have a special connection with the divine. (Faith)


Message History

Confirm with . or Enter, or press ? or * to list all spells.
Flames lash the orc wizard.
You kill the orc wizard!
A yak comes into view.
The yak gores you.
Casting: Scorch (safe; 1% risk of failure)
Confirm with . or Enter, or press ? or * to list all spells.
Flames lash the yak.
The yak is burned terribly!
You kill the yak!
Training target 3.0 for Stealth reached!
Your Stealth skill increases to level 3!
Your Shields skill increases to level 4!
Throw: 2 darts (curare) {=F}
Press: ? - help, Shift-Dir - straight line, f - brown ugly thing
Aim: a brown ugly thing (severely wounded, 52% to hit)
You throw a curare-tipped dart {=F}.
The curare-tipped dart {=F} closely misses the brown ugly thing.
The curare-tipped dart {=F} hits the yak.
The yak is poisoned.
The yak struggles to breathe.
The yak seems to slow down.
The yak is lightly wounded.
The brown ugly thing misses you.
Throw: dart (curare) {=F}
Press: ? - help, Shift-Dir - straight line, f/p - brown ugly thing
Aim: a brown ugly thing (severely wounded, 52% to hit)
You throw a curare-tipped dart {=F}.
The curare-tipped dart {=F} closely misses the brown ugly thing.
The curare-tipped dart {=F} hits the yak.
The yak is poisoned.
The yak struggles to breathe.
The yak seems to slow down.
The yak is almost dead.
An orc comes into view. It is wielding a +0 club.
The brown ugly thing headbutts you!
You are splashed with acid!
You puncture the brown ugly thing!
The brown ugly thing is severely wounded.
Your +9 spear of Ochi Cis {spect, MP+9 Str+3} hits the brown ugly thing from afar!
The brown ugly thing headbutts you.
* * * LOW HITPOINT WARNING * * *
The acid corrodes you!
You are splashed with acid.
* * * LOW HITPOINT WARNING * * *
Okay, then.
You closely miss the brown ugly thing.
The brown ugly thing is almost dead.
Your +9 spear of Ochi Cis {spect, MP+9 Str+3} hits the brown ugly thing from afar.
The brown ugly thing headbutts you!
* * * LOW HITPOINT WARNING * * *
The acid corrodes you!
You are splashed with acid!
You die...

...>.........##
#.....#......##
##...#.#.#....#
##...#......##
##.....#.....#
...........####
.##..#........###
...............(#####
..............#.@uYY# .
..............#####o###....
..#.#####.....# #........
....# #.....# #..^....^..
##### ####.###....^.o....
#.##..^.........
#)##............
#.......^.^?..
#..^..........


You could see a brown ugly thing, 2 yaks, an orc and a friendly +9 spear of Ochi
Cis {spect, MP+9 Str+3}.

Vanquished Creatures
  A gargoyle (Bailey)
  Maggie (D:6)
  A rime drake (D:10)
  A troll (D:9)
  A polar bear (D:10)
  Grinder (D:3)
  A hornet (D:9)
  2 vampires
  A shadow (D:10)
  3 wyverns
  8 yaks
  A steam dragon (D:8)
  Menkaure (D:4)
  Edmund (D:6)
  6 water moccasins
  Duvessa (D:4)
  5 orc warriors
  2 ice beasts (D:10)
  An ogre (D:6)
  3 centaurs
  A wolf (D:10)
  A phantom (D:6)
  2 kobold brigands
  A gnoll sergeant (D:6)
  2 bullfrogs
  2 scorpions
  Dowan (D:4)
  7 killer bees (D:9)
  10 vampire bats (Bailey)
  6 wolf zombies (Bailey)
  5 hounds
  3 bombardier beetles
  A jelly (D:6)
  7 orc priests
  3 sleepcaps
  Ijyb (D:3)
  5 orc wizards
  4 gnolls (D:6)
  5 adders
  2 shadow imps (D:7)
  A white imp (D:7)
  A dart slug (D:3)
  A ribbon worm (D:2)
  19 orcs
  3 ball pythons
  5 endoplasms
  A giant cockroach (D:2)
  13 goblins
  9 hobgoblins
  8 jackals
  12 kobolds
  5 quokkas
  2 bats
  A frilled lizard (D:2)
  19 orc zombies (Bailey)
  A rat (D:3)
  2 butterflies (D:3)
214 creatures vanquished.

Vanquished Creatures (others)
  9 foxfires (D:3)
9 creatures vanquished.

Grand Total: 223 creatures vanquished

Notes
Turn   | Place    | Note
-------+----------+-------------------------------------------
     0 | D:1      | Ge0ff the Mummy Cinder Acolyte began the quest for the Orb.
     0 | D:1      | Reached XP level 1. HP: 18/18 MP: 2/2
    83 | D:1      | Found a faded altar of an unknown god.
   111 | D:1      | Reached XP level 2. HP: 24/24 MP: 4/4
   115 | D:1      | Learned a level 2 spell: Scorch
   355 | D:1      | Reached skill level 2 in Spellcasting
   445 | D:1      | Reached skill level 1 in Stealth
  1127 | D:2      | Reached XP level 3. HP: 14/29 MP: 6/6
  1623 | D:2      | Identified the +0 mace of Utah {freeze, *Rage rC++ Int+2}
  2086 | D:3      | Noticed Grinder
  2090 | D:3      | Killed Grinder
  2091 | D:3      | Reached skill level 4 in Spellcasting
  2091 | D:3      | Reached XP level 4. HP: 35/35 MP: 2/10
  2091 | D:3      | Reached XP level 5. HP: 41/41 MP: 2/12
  2271 | D:3      | Reached XP level 6. HP: 47/47 MP: 6/13
  2566 | D:3      | Found a shimmering altar of Xom.
  2813 | D:3      | Noticed Ijyb
  2821 | D:3      | Killed Ijyb
  2822 | D:3      | Reached skill level 5 in Spellcasting
  3439 | D:4      | Noticed Menkaure
  3468 | D:4      | Killed Menkaure
  3469 | D:4      | Reached skill level 1 in Evocations
  3609 | D:4      | Noticed Dowan
  3610 | D:4      | Noticed Duvessa
  3627 | D:4      | Killed Duvessa
  3628 | D:4      | Reached XP level 7. HP: 47/52 MP: 15/15
  3630 | D:4      | Killed Dowan
  3631 | D:4      | Reached skill level 6 in Spellcasting
  3972 | D:4      | Found a stormy altar of Qazlal.
  4325 | D:5      | Entered Level 5 of the Dungeon
  4449 | D:5      | Found a transporter.
  4453 | D:5      | Noticed a wraith
  4456 | D:5      | Found an opulent altar of Gozag.
  4456 | D:5      | Noticed a wyvern
  4475 | D:5      | Reached skill level 5 in Fire Magic
  4632 | D:5      | Found a transporter.
  4709 | D:5      | Found a shadowy altar of Dithmenos.
  4710 | D:5      | Found an ornate altar of the Wu Jian Council.
  5439 | D:5      | Reached XP level 8. HP: 58/58 MP: 11/18
  5504 | D:5      | Found a transporter.
  5510 | D:5      | Found a transporter.
  5518 | D:5      | Found a shadowy altar of Dithmenos.
  5518 | D:5      | Found an ornate altar of the Wu Jian Council.
  5519 | D:5      | Found an opulent altar of Gozag.
  6004 | D:6      | Noticed Edmund
  6014 | D:5      | Reached skill level 7 in Spellcasting
  6147 | D:6      | Found a basalt altar of Yredelemnul.
  6148 | D:6      | Noticed Maggie
  6164 | D:6      | Killed Maggie
  6165 | D:6      | Reached skill level 8 in Spellcasting
  6390 | D:6      | Identified the +1 troll leather armour "Kikizap" {rPois rF+
                  | Regen+ Str-5 Int+5}
  6428 | D:6      | Killed Edmund
  6743 | D:6      | Reached skill level 9 in Spellcasting
  6864 | D:6      | Found an iron altar of Okawaru.
  6957 | D:6      | Found an ancient bone altar of Kikubaaqudgha.
  6960 | D:6      | Found a transporter.
  6974 | D:6      | Found a transporter.
  7071 | D:6      | Reached XP level 9. HP: 50/63 MP: 8/22
  7088 | D:6      | Reached skill level 1 in Armour
  7088 | D:6      | Reached skill level 1 in Shields
  7846 | D:7      | Found a burning altar of Makhleb.
  8112 | D:7      | Found a staircase to the Ecumenical Temple.
  8137 | D:7      | Reached skill level 10 in Spellcasting
  8142 | Temple   | Entered the Ecumenical Temple
  8540 | D:8      | Identified the +6 ring mail "Odineurei" {SInv}
  8561 | D:8      | Reached skill level 1 in Throwing
  8661 | D:8      | Found a hide-covered altar of Uskayaw.
  8717 | D:8      | Identified the +9 spear of Ochi Cis {spect, MP+9 Str+3}
  9176 | D:9      | Found a flagged portal.
  9178 | D:9      | Noticed a troll
  9300 | D:9      | Killed a troll
  9301 | D:9      | Reached XP level 10. HP: 47/70 MP: 18/24
  9336 | Bailey   | Entered a bailey
  9399 | Bailey   | Noticed a gargoyle
  9426 | Bailey   | Killed a gargoyle
  9864 | Bailey   | Reached skill level 1 in Dodging
 10044 | Bailey   | Got Faixam's Discursus on the Jinx and Sidekicks
 11148 | D:10     | Entered Level 10 of the Dungeon
 11228 | D:10     | Found a staircase to the Lair.
 11316 | D:10     | Reached XP level 11. HP: 78/78 MP: 25/25
 11611 | D:10     | Noticed a brown ugly thing
 11621 | D:10     | Splashed by a brown ugly thing's acid

Illustrated notes

Levels and vault maps discovered:
D:1:      saegor_arrival_fortress, layout_basic,
          hellmonk_ecumenical_altar_dog_temple
D:2:      layout_loops_corners
D:3:      layout_loops_ring, xom_butterflies, uniq_ijyb, uniq_grinder
D:4:      layout_loops_corners, mainiacjoe_overflow_boulevard,
          minmay_misc_feat_secret_circle, uniq_menkaure, uniq_duvessa
D:5:      layout_loops_cross, gammafunk_temple_overflow_arena
D:6:      layout_basic, gammafunk_temple_of_torment,
          nicolae_overflow_crystal_walls, minmay_misc_feat_x, uniq_edmund,
          uniq_maggie
D:7:      layout_rooms, amcnicky_altar_gilded, minmay_temple_entry_crystal_x
D:8:      layout_cave_pools, mainiacjoe_overflow_tiny_flanked
D:9:      layout_basic, enter_bailey_5, nicolae_concentric_dashed_squares_wild,
          eino_jars
D:10:     layout_roguey, hellmonk_lair_entry_icy, david_orc_3, minmay_holes,
          kennysheep_generic_room_10
Temple:   nicolae_temple_no_exploring_needed

Skill      XL: |  1  2  3  4  5  6  7  8  9 10 11 |
---------------+----------------------------------+-----
Spellcasting   | 2 4 5 6 9 10 | 10.6
Stealth        | 1 2 3 |  3.0
Fire Magic     | 3 4 5 6 8 9 |  9.0
Evocations     | 1 3 4 |  4.0
Armour         | 1 2 |  2.8
Shields        | 3 4 |  4.0
Throwing       | 1 2 |  2.0
Dodging        | 2 |  2.0
Polearms       | 3 |  3.6
Fighting       | 4 |  4.5

Action                     |  1- 3 |  4- 6 |  7- 9 | 10-12 || total
---------------------------+-------+-------+-------+-------++-------
  Melee: Spear             |    12 |       |       |    50 ||    62
         Dagger            |    39 |     9 |     4 |       ||    52
         Punch             |     1 |       |     1 |       ||     2
  Throw: Stone             |       |       |     2 |     1 ||     3
         Dart              |       |       |       |     2 ||     2
   Cast: Scorch            |    24 |    34 |   192 |   124 ||   374
 Invoke: Fiery Armour      |     1 |       |       |       ||     1
         Foxfire Swarm     |     1 |       |       |       ||     1
  Evoke: Wand              |       |     2 |     2 |       ||     4
    Use: Scroll            |       |       |     6 |     2 ||     8
   Stab: Paralysed         |       |     9 |     3 |       ||    12
 Armour: Robe              |    36 |     3 |    21 |       ||    60
         Troll leather arm |       |       |    77 |    85 ||   162
  Dodge: Dodged            |    18 |     6 |    53 |    46 ||   123
  Block: Buckler           |       |       |     9 |    24 ||    33

Table legend: (Time is in decaauts)
 A = Elapsed time spent in this place.
 B = Non-inter-level travel time spent in this place.
 C = Inter-level travel time spent in this place.
 D = Time resting spent in this place.
 E = Time spent auto-exploring this place.
 F = Levels seen in this place.
 G = Mean time per level.
                   A        B        C        D        E       F      G
               +--------+--------+--------+--------+--------+-----+--------+
         Total |  11628 |  11308 |    320 |    330 |   9377 |  12 |  969.0 |
       Dungeon |  10815 |  10495 |    320 |    330 |   8787 |  10 | 1081.5 |
        Temple |      1 |      1 |      0 |      0 |      0 |   1 |    1.0 |
        Bailey |    811 |    811 |      0 |      0 |    590 |   1 |  811.0 |
               +--------+--------+--------+--------+--------+-----+--------+

Top non-repeatable levels by time:
     D:5: 1823 daAuts
     D:6: 1379 daAuts
     D:4: 1228 daAuts
     D:3: 1177 daAuts
     D:2: 1159 daAuts
     D:9: 1100 daAuts
     D:8: 933 daAuts
     D:1: 926 daAuts
  Bailey: 811 daAuts
     D:7: 654 daAuts
    D:10: 435 daAuts
  Temple: 1 daAuts
